 Dungeon Crawl Stone Soup version 0.16-a0-3933-g06ce5c0 (webtiles) character file.

1448 timbw the Cleaver (level 9, -1/94 HPs)
             Began as a Human Berserker on Feb 5, 2015.
             Was a Believer of Trog.
             Slain by a big kobold
             ... wielding a +2 halberd of flaming
              (3 damage)
             ... on level 8 of the Dungeon.
             The game lasted 00:04:13 (655 turns).

timbw the Cleaver (Human Berserker)                  Turns: 655, Time: 00:04:14

Health: -1/94      AC: 10    Str: 27    XL:     9   Next: 4%
Magic:  0/9        EV:  7    Int:  7    God:    Trog [**....]
Gold:   14         SH:  0    Dex: 12    Spells: 0 memorised, 8 levels left

rFire  . . .     SeeInvis .     m - +1 hand axe (flame)
rCold  . . .     Clarity  .     c - +0 plate armour
rNeg   . . .     SustAb   .     (no shield)
rPois  .         Gourm    .     (no helmet)
rElec  .         Spirit   +     (no cloak)
rCorr  .         Warding  .     (no gloves)
rMut   .         Stasis   .     (no boots)
MR     ++...                    i - amulet of guardian spirit
Stlth  ..........               (no ring)
                                (no ring)

@: berserking, regenerating, very quick, very resistant to hostile enchantments,
extremely unstealthy
A: no striking features
a: Burn Spellbooks, Berserk, Trog's Hand, Renounce Religion


You were on level 8 of the Dungeon.
You worshipped Trog.
Trog was pleased with you.
You were not hungry.

You visited 1 branch of the dungeon, and saw 6 of its levels.

You collected 14 gold pieces.

Inventory:

Hand weapons
 a - a +0 hand axe
 m - a +1 hand axe of flaming (weapon)
Missiles
 g - 3 tomahawks (quivered)
Armour
 b - a +0 animal skin
 c - a +0 plate armour (worn)
 j - a +0 ring mail
Jewellery
 i - an amulet of guardian spirit (around neck)
Magical devices
 n - a wand of polymorph (11)
Scrolls
 d - a scroll of magic mapping {unknown}
 e - a scroll of blinking {unknown}
 h - a scroll of amnesia {unknown}
Potions
 f - a potion of flight {unknown}
 k - a potion of magic
Comestibles
 l - 7 fruits
 o - 6 slices of pizza


   Skills:
 - Level 3.0 Fighting
 + Level 10.8 Axes
 - Level 2.0 Armour
 - Level 2.0 Dodging


You had 8 spell levels left.
You didn't know any spells.

Dungeon Overview and Level Annotations

Branches:
Dungeon (8/15)
 Temple: D:4-7         Lair: D:8-11

Altars:
Cheibriados


Message History

You feel slightly more hungry.
The big kobold hits you with a halberd of flaming.
* * * LOW HITPOINT WARNING * * *
The big kobold burns you.
* * * LOW HITPOINT WARNING * * *
Use which ability? (? or * to list)
A red film seems to cover your vision as you go berserk!
You feel yourself moving faster!
You feel mighty!
You feel somewhat more hungry. The big kobold barely misses you.
Unknown command.
Your plate armour prevents you from hitting the big kobold.
The big kobold is moderately wounded.
You closely miss the big kobold.
The big kobold is moderately wounded.
You slash the big kobold! You burn the big kobold.
The big kobold is almost dead.
The big kobold hits you with a halberd of flaming!
* * * LOW HITPOINT WARNING * * *
The big kobold burns you.
You die...

###### #.... #...########
#####...)....... #####
...#.(.########## ##...##
###.#..##PP≈P.+).#####.....#####
#.......#P≈≈≈≈#.K#.............#
#.#.#..##≈.P≈P##@#....<.)..#
#.#...#.....#..######...##
#.#....≈....'..# ##.##
#.#..##..P..'..# #.#
#.#...#≈....'..# ##.##
#.##.##.....#..# ##...##
###.##.########### ##.....##
..._.....# ##.......##
###......# #.........#


You could see a big kobold.

Vanquished Creatures
  A hydra (D:8)
  2 yaks (D:8)
  A hungry ghost (D:8)
  An orc warrior (D:7)
  2 big kobolds (D:8)
  A hound (D:8)
  A centaur skeleton (D:7)
  A worker ant (D:7)
  2 sheep (D:8)
  An adder (D:2)
  3 orcs (D:7)
  A bat (D:2)
  A hobgoblin (D:2)
  4 jackals (D:7)
  3 kobolds
  A rat (D:8)
26 creatures vanquished.

Notes
Turn   | Place    | Note
--------------------------------------------------------------
     0 | D:1      | timbw, the Human Berserker, began the quest for the Orb.
     0 | D:1      | Reached XP level 1. HP: 18/18 MP: 1/1
    70 | D:2      | Reached XP level 2. HP: 14/24 MP: 2/2
   153 | D:4      | You fall through a shaft!
   157 | D:7      | Reached skill level 4 in Axes
   157 | D:7      | Reached XP level 3. HP: 10/29 MP: 3/3
   295 | D:7      | Noticed an orc warrior
   312 | D:7      | Killed an orc warrior
   312 | D:7      | Reached skill level 5 in Axes
   312 | D:7      | Reached XP level 4. HP: 6/35 MP: 4/4
   312 | D:7      | Reached XP level 5. HP: 7/41 MP: 5/5
   315 | D:7      | HP: 2/41 [worker ant (3)]
   410 | D:7      | Acquired Trog's second power
   422 | D:8      | Reached skill level 6 in Axes
   454 | D:8      | Found a snail-covered altar of Cheibriados.
   466 | D:8      | Noticed a hungry ghost
   494 | D:8      | Reached XP level 6. HP: 35/47 MP: 4/6
   510 | D:8      | Killed a hungry ghost
   510 | D:8      | Reached skill level 7 in Axes
   559 | D:8      | Reached XP level 7. HP: 22/52 MP: 4/7
   582 | D:8      | Noticed a yak
   582 | D:8      | Noticed a yak
   599 | D:8      | Killed a yak
   599 | D:8      | Reached skill level 8 in Axes
   602 | D:8      | Killed a yak
   602 | D:8      | Reached skill level 9 in Axes
   602 | D:8      | Reached XP level 8. HP: 46/58 MP: 6/8
   641 | D:8      | Noticed a three-headed hydra
   646 | D:8      | Killed a one-headed hydra
   646 | D:8      | Reached skill level 10 in Axes
   646 | D:8      | Reached XP level 9. HP: 15/63 MP: 3/9
   655 | D:8      | HP: 2/94 [big kobold/halberd of flaming (7)]
   655 | D:8      | Slain by a big kobold

Action                   |  1- 3 |  4- 6 |  7- 9 || total
-------------------------+-------+-------+-------++-------
Melee: Hand axe          |    29 |    92 |    33 ||   154
Invok: Berserk           |     3 |       |     2 ||     5
       Trog's Hand       |       |       |     2 ||     2
  Use: Potion            |       |     3 |     1 ||     4
 Stab: Sleeping          |     1 |       |       ||     1
  Eat: Bread ration      |     1 |       |       ||     1
       Chunk             |       |     1 |       ||     1
       Pizza             |       |       |     1 ||     1
       Fruit             |       |       |     5 ||     5
